 Dungeon Crawl Stone Soup version 0.19.1-1-g22dce08 (webtiles) character file.

7540 McKennaii the Zephyrmancer (level 10, 0/60 HPs)
             Began as a High Elf Air Elementalist on Jan 6, 2017.
             Was an Elder of Sif Muna.
             Slain by a hill giant
             ... wielding a cursed +0 giant club
              (32 damage)
             ... on level 10 of the Dungeon.
             The game lasted 01:05:33 (10748 turns).

McKennaii the Zephyrmancer (HEAE)                  Turns: 10748, Time: 01:05:33

Health: 0/60       AC:  8    Str:  7    XL:     10   Next: 96%
Magic:  15/25      EV: 17    Int: 22    God:    Sif Muna [****..]
Gold:   556        SH:  0    Dex: 22    Spells: 5 memorised, 17 levels left

rFire  . . .     SeeInvis .     n - +2 rapier (holy)
rCold  . . .     Gourm    .     C - +2 robe {MR+}
rNeg   . . .     Faith    +     (no shield)
rPois  .         Spirit   .     (no helmet)
rElec  .         Reflect  .     (no cloak)
rCorr  .         Harm     .     (no gloves)
MR     ++...                    (no boots)
Stlth  +++.......               v - amulet of faith
                                x - +4 ring of protection
                                k - +5 ring of dexterity

@: repel missiles
A: no striking features
a: Divine Energy, Channel Magic, Forget Spell, Renounce Religion


You were on level 10 of the Dungeon.
You worshipped Sif Muna.
Sif Muna was greatly pleased with you.
You were very hungry.

You visited 2 branches of the dungeon, and saw 11 of its levels.

You collected 556 gold pieces.

Inventory:

Hand Weapons
 n - a +2 rapier of holy wrath (weapon)
Armour
 a - a +0 robe
 C - a +2 robe of magic resistance (worn)
Jewellery
 k - a +5 ring of dexterity (left hand)
 v - an amulet of faith (around neck)
 w - an uncursed ring of stealth
 x - a +4 ring of protection (right hand)
 I - an uncursed ring of see invisible {unknown}
Scrolls
 e - 4 scrolls of identify
 f - 2 scrolls of immolation {unknown}
 j - 3 scrolls of enchant weapon {unknown}
 l - 3 scrolls of recharging {unknown}
 q - 3 scrolls of remove curse {unknown}
 r - 2 scrolls of noise {unknown}
 u - a scroll of fog {unknown}
 y - a scroll of torment {unknown}
 F - a scroll of amnesia {unknown}
 H - a scroll of fear {unknown}
Potions
 g - a potion of beneficial mutation {unknown}
 h - 2 potions of haste {unknown}
 i - 3 potions of lignification {unknown}
 m - 3 potions of degeneration {unknown}
 o - a potion of ambrosia {unknown}
 p - 5 potions of curing {unknown}
 s - a potion of berserk rage
 z - 2 potions of heal wounds {unknown}
 A - a potion of agility {unknown}
 B - a potion of might {unknown}
 D - a potion of cancellation {unknown}
 E - a potion of experience {unknown}
Books
 b - a book of Air

   Spells                             Type                      Level
   a - Shock                          Conjuration/Air              1
   b - Swiftness                      Charms/Air                   2
   c - Repel Missiles                 Charms/Air                   2
   d - Static Discharge               Conjuration/Air              3
   e - Lightning Bolt                 Conjuration/Air              5
Comestibles
 c - 10 bread rations
 t - 2 meat rations
 G - 2 beef jerkies


   Skills:
 + Level 2.1 Fighting
 + Level 3.1 Short Blades
 + Level 5.9 Dodging
 + Level 3.4 Stealth
 + Level 0.1 Unarmed Combat
 + Level 10.7 Spellcasting
 + Level 9.5 Conjurations
 + Level 0.8 Charms
 + Level 10.8 Air Magic


You had 17 spell levels left.
You knew the following spells:

 Your Spells              Type           Power        Failure   Level  Hunger
a - Shock                 Conj/Air       ####         1%          1    None
b - Swiftness             Chrm/Air       #####...     1%          2    None
c - Repel Missiles        Chrm/Air       #####.       1%          2    None
d - Static Discharge      Conj/Air       ######..     1%          3    None
e - Lightning Bolt        Conj/Air       ######....   2%          5    ####...


Dungeon Overview and Level Annotations

Branches:
Dungeon (10/15)            Temple (1/1) D:6            Lair (0/6) D:10
    Orc: D:9-12

Altars:
Ashenzari
Cheibriados
Dithmenos
Elyvilon
Fedhas
Gozag
Hepliaklqana
Kikubaaqudgha
Makhleb
Nemelex Xobeh
Okawaru
Qazlal
Ru
Sif Muna
Trog
Uskayaw
Vehumet
Xom
Yredelemnul
Zin
The Shining One
Beogh


Message History

Casting: Shock
Confirm with . or Enter, or press ? or * to list all spells.
Aiming: Shock
Press: ? - help, Shift-Dir - straight line, f/p - hill giant
Aim: a hill giant, wielding a giant club (moderately wounded)
The zap hits the plant.
The plant is moderately damaged.
The zap hits the hill giant.
The hill giant is moderately wounded.
The zap hits the plant.
The plant is lightly damaged.
The zap hits the fungus.
The fungus is moderately damaged.
The zap hits the plant.
The plant is moderately damaged.
The zap hits the plant.
The plant is lightly damaged.
The hill giant hits you with a giant club!!
Ouch! That really hurt!
You die... .#####.#.####.........)########.. .#...#...# #...P..P..P.......'.. .###.########.P....P...########.. ...........#....PPPPP[..# #.. ###)######.#...PPPP.P..P## ### ##.# #..P.P.P....P...# #..# #...P.P.P...PP..## # #.## #..PPPPPCPPP.PP..#

# #.# #....PP@P....PP..# #
##'#######PPP..P..PP..PP.P# ###
#...........PPPPP.>P.P.P..# #..
#.........P..PPPPP..P.PPP.# #..
#...........P..P..PP.PP...# #..
#...........PPP.PPP.P.PPP)### #.>
#............PPP...PP.P.....###..
#.............PPPPPP.P........').
#.........##...PPP..P.....#####..


You could see a hill giant.

Vanquished Creatures
  3 hill giants (D:10)
  The ghost of McKennaii the Zephyrmancer, a novice HEAE of Sif Muna (D:6)
  Prince Ribbit (D:7)
  4 hippogriffs
  The ghost of Dolanko the Poker, an amateur NaWr (D:4)
  A basilisk (D:8)
  A steam dragon (D:9)
  Duvessa (D:7)
  6 orc warriors
  An ice beast (D:6)
  A sky beast (D:9)
  A phantom (D:9)
  2 ogres
  3 centaurs
  A crocodile (D:9)
  6 bullfrogs
  Blork the orc (D:5)
  A gnoll sergeant (D:9)
  Dowan (D:7)
  4 scorpions
  16 killer bees
  3 crimson imps
  4 howler monkeys
  2 jellies
  3 hounds
  3 bullfrog skeletons
  16 orc wizards
  6 orc priests
  4 iguanas
  4 worker ants
  A hound zombie (D:9)
  Robin (D:4)
  3 gnolls (D:9)
  A howler monkey zombie (D:7)
  2 howler monkey skeletons
  6 adders
  2 shadow imps
  2 oozes
  3 worms
  A dart slug (D:2)
  A leopard gecko (D:4)
  49 orcs
  11 giant cockroaches
  21 goblins
  15 hobgoblins
  8 jackals
  5 quokkas
  3 ball pythons
  A ball python skeleton (D:4)
  12 bats
  2 frilled lizards
  2 jackal skeletons
  5 kobolds
  2 quokka zombies
  11 rats
272 creatures vanquished.

Vanquished Creatures (others)
  2 fungi (D:10)
  2 plants (D:10)
4 creatures vanquished.

Grand Total: 276 creatures vanquished

Notes
Turn   | Place    | Note
-------+----------+-------------------------------------------
     0 | D:1      | McKennaii the High Elf Air Elementalist began the quest for the Orb.
     0 | D:1      | Reached XP level 1. HP: 11/11 MP: 4/4
   377 | D:1      | Reached XP level 2. HP: 17/17 MP: 3/6
   821 | D:2      | Reached XP level 3. HP: 9/21 MP: 3/8
   825 | D:2      | Learned a level 2 spell: Swiftness
   828 | D:2      | Learned a level 2 spell: Repel Missiles
   832 | D:2      | Learned a level 3 spell: Static Discharge
   858 | D:2      | You fall through a shaft for 2 floors!
  1449 | D:3      | Reached XP level 4. HP: 27/27 MP: 5/9
  1454 | D:3      | Noticed Robin
  1684 | D:3      | Found a sparkling altar of Nemelex Xobeh.
  1933 | D:3      | Found a shadowy altar of Dithmenos.
  2049 | D:3      | Reached skill level 5 in Air Magic
  2119 | D:3      | Reached XP level 5. HP: 31/31 MP: 7/11
  2158 | D:3      | Found a stormy altar of Qazlal.
  2388 | D:4      | Noticed an ogre
  2394 | D:4      | Killed an ogre
  2394 | D:4      | Reached XP level 6. HP: 33/36 MP: 3/13
  2408 | D:4      | Noticed Dolanko's ghost (amateur NaWr)
  2888 | D:4      | Found an ancient bone altar of Kikubaaqudgha.
  3097 | D:4      | Learned a level 5 spell: Lightning Bolt
  3413 | D:4      | Reached skill level 5 in Spellcasting
  3445 | D:4      | Killed Robin
  3687 | D:4      | Killed Dolanko's ghost
  3687 | D:4      | Reached XP level 7. HP: 35/42 MP: 0/16
  3731 | D:5      | Entered Level 5 of the Dungeon
  4167 | D:5      | Reached skill level 1 in Short Blades
  4329 | D:5      | Reached skill level 1 in Fighting
  4532 | D:5      | Noticed Blork the orc
  4545 | D:5      | Killed Blork the orc
  4545 | D:5      | Reached skill level 5 in Conjurations
  4714 | D:6      | Reached XP level 8. HP: 39/48 MP: 10/18
  4870 | D:6      | Noticed McKennaii's ghost (novice HEAE)
  4878 | D:6      | Killed McKennaii's ghost
  5389 | D:6      | Found a staircase to the Ecumenical Temple.
  5397 | Temple   | Entered the Ecumenical Temple
  5422 | Temple   | Became a worshipper of Sif Muna the Loreminder
  5769 | D:7      | Noticed Dowan
  5835 | D:7      | Found a blossoming altar of Fedhas.
  6045 | D:7      | Noticed Prince Ribbit
  6056 | D:7      | Reached XP level 9. HP: 54/54 MP: 13/21
  6064 | D:7      | Killed Prince Ribbit
  6064 | D:7      | Reached * piety under Sif Muna
  6227 | D:7      | Found a runed door.
  6275 | D:7      | HP: 1/54 [orc warrior/glaive (2)]
  6666 | D:7      | Reached ** piety under Sif Muna
  6709 | D:7      | Found a roughly hewn altar of Beogh.
  6878 | D:7      | Noticed Duvessa
  6887 | D:7      | Killed Duvessa
  6888 | D:7      | Killed Dowan
  7480 | D:8      | Found a sparkling altar of Nemelex Xobeh.
  7891 | D:8      | Reached XP level 10. HP: 60/60 MP: 16/24
  8047 | D:8      | Reached *** piety under Sif Muna
  8675 | D:9      | Found a basalt altar of Yredelemnul.
  8677 | D:9      | Noticed a profane servitor
  8686 | D:9      | Found a glowing golden altar of the Shining One.
  8688 | D:9      | Noticed an angel
  9279 | D:9      | Reached skill level 10 in Air Magic
  9304 | D:9      | Reached skill level 10 in Spellcasting
  9569 | D:10     | Entered Level 10 of the Dungeon
  9569 | D:10     | Noticed a hill giant
  9626 | D:9      | Reached **** piety under Sif Muna
 10014 | D:10     | Noticed a hill giant
 10028 | D:10     | Killed a hill giant
 10245 | D:10     | Noticed a hill giant
 10246 | D:10     | Found a staircase to the Lair.
 10303 | D:10     | Reached skill level 5 in Dodging
 10304 | D:10     | Killed a hill giant
 10390 | D:10     | Noticed a cyclops
 10428 | D:10     | Noticed a hill giant
 10440 | D:10     | Killed a hill giant
 10748 | D:10     | Slain by a hill giant

Skill      XL: |  1  2  3  4  5  6  7  8  9 10 |
---------------+-------------------------------+-----
Air Magic      | 4 5 6 8 9 10 | 10.8
Spellcasting   | 3 4 5 6 7 9 10 | 10.7
Conjurations   | 2 3 4 5 6 8 9 |  9.5
Short Blades   | 1 2 3 |  3.1
Fighting       | 1 2 |  2.1
Dodging        | 3 4 5 |  5.9
Stealth        | 3 |  3.4
Unarmed Combat | |  0.1
Charms         | |  0.8

Action                   |  1- 3 |  4- 6 |  7- 9 | 10-12 || total
-------------------------+-------+-------+-------+-------++-------
Melee: Unarmed           |    14 |     2 |       |       ||    16
       Short sword       |       |    14 |    46 |       ||    60
       Rapier            |       |       |     2 |    27 ||    29
 Cast: Shock             |    90 |   168 |   300 |   220 ||   778
       Lightning Bolt    |       |     1 |     7 |    13 ||    21
       Repel Missiles    |       |       |     1 |     2 ||     3
  Use: Scroll            |       |       |     3 |     1 ||     4
  Eat: Beef jerky        |     1 |     1 |     2 |     4 ||     8
       Meat ration       |     1 |       |     1 |       ||     2
       Fruit             |       |     3 |     3 |       ||     6
       Bread ration      |       |       |     1 |       ||     1
       Pizza             |       |       |       |     1 ||     1
Armor: Robe              |     3 |     5 |    33 |    65 ||   106
Dodge: Dodged            |    29 |    37 |   109 |   230 ||   405
       Deflected         |       |       |     2 |     1 ||     3
